 Dungeon Crawl Stone Soup version 0.30.0-18-gc0e69614cb (webtiles) character file.

Game seed: 15426076256435192031

26163 ksjdfkajndf the Warrior (level 12, -2/166 HPs)
             Began as a Demonspawn Berserker on May 24, 2023.
             Was an Elder of Trog.
             Slain by a skyshark (7 damage)
             ... on level 2 of the Lair of Beasts.
             The game lasted 01:26:04 (11350 turns).

ksjdfkajndf the Warrior (Demonspawn Berserker)     Turns: 11350, Time: 01:26:05

Health: -2/166     AC: 18    Str: 21    XL:     12   Next: 95%
Magic:  0/12       EV: 11    Int: 11    God:    Trog [****..]
Gold:   852        SH:  0    Dex: 12    Spells: 11/11 levels left

rFire   . . .        u - +12 glaive of Prune {freeze, Prune}
rCold   + . .        (shield currently unavailable)
rNeg    . . .        H - +4 scale mail
rPois   .            W - +1 hat
rElec   .            D - +0 cloak
rCorr   .            n - +0 pair of gloves
SInv    .            J - +0 pair of boots
Will    .....        (no amulet) Stlth
                     E - ring of protection from cold
HPRegen 0.47/turn    M - +4 ring of protection
MPRegen 0.26/turn

%: guardian spirit
@: berserking, very quick
A: horns 1, spiny 1, magic shield, magic regeneration, magic link, sturdy frame
1
a: Renounce Religion, Berserk, Trog's Hand, Brothers in Arms


You were on level 2 of the Lair of Beasts.
You worshipped Trog.
Trog was greatly pleased with you.
You visited 2 branches of the dungeon, and saw 12 of its levels.
You also visited: Bailey.

You collected 947 gold pieces.
You spent 95 gold pieces at shops.

Inventory:

Hand Weapons
 u - the +12 glaive of Prune (weapon) {freeze, Prune}
   (You found it on level 3 of the Dungeon)

   Prune:     It halves damage taken while paralysed, petrified or unconscious.
Missiles
 Q - a throwing net (quivered)
Armour
 g - a +2 scale mail of cold resistance
 n - a +0 pair of gloves (worn)
 D - a +0 cloak (worn)
 H - a +4 scale mail (worn)
 J - a +0 pair of boots (worn)
 T - a +0 buckler
 W - a +1 hat (worn)
Jewellery
 b - a ring of see invisible
 f - an amulet of faith
 j - a ring of resist corrosion
 E - a ring of protection from cold (left hand)
 I - a ring of protection from fire
 M - a +4 ring of protection (right hand)
 V - a ring of willpower
 Z - a ring of flight
Wands
 x - a wand of flame (46)
 F - a wand of iceblast (32)
 O - a wand of paralysis (11)
 S - a wand of acid (5)
Scrolls
 e - a scroll of enchant armour {unknown}
 l - a scroll of enchant weapon
 q - 3 scrolls of immolation
 s - 4 scrolls of magic mapping
 A - a scroll of silence
 K - a scroll of brand weapon
 N - 2 scrolls of fear
 P - a scroll of fog
 R - 2 scrolls of teleportation
 X - a scroll of blinking
Potions
 a - 3 potions of cancellation {unknown}
 c - 6 potions of haste {unknown}
 d - 5 potions of curing {unknown}
 h - 3 potions of flight
 i - 4 potions of brilliance {unknown}
 k - 2 potions of magic {unknown}
 m - a potion of resistance
 o - 4 potions of lignification {unknown}
 r - 2 potions of attraction {unknown}
 t - a potion of invisibility {unknown}
 w - 2 potions of ambrosia {unknown}
 z - 3 potions of heal wounds {unknown}
 C - 4 potions of degeneration {unknown}
 G - 2 potions of berserk rage {unknown}
 U - 4 potions of might {unknown}
Miscellaneous
 L - a phantom mirror


   Skills:
 * Level 15.9 Fighting
 - Level 2.6(9.5) Axes
 - Level 14.1(14.2) Polearms
 - Level 1.7 Armour
 - Level 1.7 Dodging


You had 11 spell levels left.
You didn't know any spells.
Your spell library was empty.

Dungeon Overview and Level Annotations

Branches:
Dungeon (9/15)             Temple (0/1) D:5            Lair (3/5) D:9
  Swamp (0/4) Lair:2          Orc (0/2) D:9          Bailey (visited)
  Snake: Lair:2-3    Spider: Lair:2-3

Altars:
Kikubaaqudgha
Nemelex Xobeh
Okawaru
Trog
Uskayaw

Shops:
D:3 *   D:6 *   D:8 [


Innate Abilities, Weirdness & Mutations

You have a pair of small horns on your head.
You are partially covered in sharp spines.
When hurt, damage is shared between your health and your magic reserves.
You regenerate magic rapidly.
When low on magic, you restore magic in place of health.
Your movements are slightly less encumbered by armour. (ER -2)


Message History

The skyshark tail-slaps you but does no damage.
The skyshark tail-slaps you!
* * * LOW HITPOINT WARNING * * *
The yak gores you but does no damage.
The black bear is struck by your spines.
The black bear bites you but does no damage.
The black bear claws you but does no damage. x2
You slash the death yak! You freeze the death yak. You headbutt the death yak.
The death yak is almost dead.
The death yak gores you but does no damage.
The jumping spider is struck by your spines.
The jumping spider pounces on you but does no damage.
The jumping spider bites you but does no damage.
The skyshark is struck by your spines. The skyshark barely misses you. x2
The skyshark tail-slaps you.
* * * LOW HITPOINT WARNING * * *
You slash the death yak! You freeze the death yak.
The death yak is almost dead.
The yak is struck by your spines.
You kill the yak!
Trog accepts your kill.
The black bear goes berserk!
The jumping spider misses you.
The jumping spider bites you but does no damage.
The skyshark bites you.
* * * LOW HITPOINT WARNING * * *
The skyshark tail-slaps you!
* * * LOW HITPOINT WARNING * * *
The skyshark tail-slaps you but does no damage.
The death yak gores you!!
* * * LOW HITPOINT WARNING * * *
You slice the death yak!! You freeze the death yak.
You kill the death yak!
Trog accepts your kill.
The black bear bites you but does no damage.
The black bear claws you but does no damage.
The black bear barely misses you. The skyshark bites you!
* * * LOW HITPOINT WARNING * * *
The skyshark tail-slaps you but does no damage.
The skyshark tail-slaps you!
You die...

## ### ######## #####
.###.###..PP..#########...######
...............................##
................................#
...............l†s....##.P..#..##
...............h@†.............#
.......#######P##.....P.......##
........# ####.....P.....#.##
.......P# ##.....#........#
.......## #......PPP+#.#..#
........# ##......<......##
##.....## #.............#
####..#### ##.............# #
#..##.## #..............#


You could see a skyshark (berserk), a jumping spider and a black bear (berserk).

Vanquished Creatures
  A hydra (Lair:2)
  The ghost of monsoonserge the Thaumaturge, a journeyman DjVM of Ashenzari (Lair:1)
  A two-headed ogre (D:9)
  5 death yaks
  Nergalle (Lair:2)
  Pikel (D:5)
  The ghost of middlethird the Thaumaturge, a novice VSAE (D:8)
  3 ugly things
  A manticore (D:9)
  6 elephants (Lair:2)
  A black mamba (Lair:3)
  2 cane toads
  Maggie (D:6)
  2 kobold demonologists
  3 komodo dragons
  A polar bear (Lair:2)
  2 hornets
  3 dream sheep (Lair:2)
  3 blink frogs (Lair:1)
  Sigmund (D:2)
  3 wraiths
  A basilisk (Lair:2)
  4 wyverns (D:9)
  Eustachio (D:4)
  24 yaks
  Menkaure (D:6)
  Edmund (D:5)
  Duvessa (D:6)
  2 acid dragons
  8 orc warriors
  5 water moccasins
  A sky beast (D:7)
  2 ice beasts
  6 black bears
  An ogre (D:5)
  8 wolves
  3 centaurs (D:9)
  2 phantoms
  3 lemures (D:5)
  8 kobold brigands
  25 bullfrogs
  Blork the orc (D:5)
  A gnoll sergeant (D:9)
  3 jellies
  4 scorpions
  8 wights
  A killer bee (D:9)
  Dowan (D:6)
  The ghost of dolemite99 the Shooter, a weakling BaHu of Sif Muna (D:3)
  A vampire bat (D:7)
  5 hounds
  4 orc priests
  3 gnoll boudas
  Crazy Yiuf (D:5)
  5 iguanas
  Natasha (twice) (D:2)
  Terence (D:2)
  9 orc wizards
  2 sleepcaps (D:4)
  13 gnolls
  4 adders
  A white imp (D:6)
  3 ufetubi
  3 worms
  2 dart slugs
  16 orcs
  2 bats
  5 bat skeletons (D:7)
  2 bat zombies (D:7)
  8 endoplasms
  3 giant cockroaches
  12 goblins
  5 hobgoblins
  7 jackals
  17 kobolds
  4 quokkas
  9 ball pythons
  A rat (D:1)
320 creatures vanquished.

Vanquished Creatures (others)
  A kobold (D:6)
1 creature vanquished.

Grand Total: 321 creatures vanquished

Notes
Turn   | Place    | Note
-------+----------+-------------------------------------------
     0 | D:1      | ksjdfkajndf the Demonspawn Berserker began the quest for
                  | the Orb.
     0 | D:1      | Reached XP level 1. HP: 18/18 MP: 1/1
   144 | D:1      | Gained mutation: You have a pair of small horns on your
                  | head. [demonic ancestry]
   144 | D:1      | Reached XP level 2. HP: 15/24 MP: 2/2
   794 | D:1      | Reached skill level 4 in Fighting
   986 | D:2      | Gained mutation: You regenerate magic rapidly. [demonic
                  | ancestry]
   986 | D:2      | Reached XP level 3. HP: 31/31 MP: 3/3
  1018 | D:2      | Noticed Natasha
  1027 | D:2      | Killed Natasha
  1108 | D:2      | Reached ** piety under Trog
  1244 | D:2      | Noticed Terence
  1260 | D:2      | Killed Terence
  1261 | D:2      | Reached skill level 5 in Fighting
  1261 | D:2      | Gained mutation: When hurt, damage is shared between your
                  | health and your magic reserves. [demonic ancestry]
  1261 | D:2      | Reached XP level 4. HP: 39/39 MP: 4/4
  1486 | D:2      | Noticed Natasha
  1495 | D:2      | Killed Natasha
  1617 | D:2      | Noticed Sigmund
  1624 | D:2      | Killed Sigmund
  1625 | D:2      | Reached skill level 6 in Fighting
  1625 | D:2      | Reached XP level 5. HP: 47/47 MP: 5/5
  1625 | D:2      | Reached XP level 6. HP: 53/53 MP: 6/6
  1819 | D:2      | Reached skill level 7 in Fighting
  1993 | D:3      | Found Iskuyzu's General Store.
  2001 | D:3      | Bought a +0 pair of gloves for 45 gold pieces
  2001 | D:3      | Bought a scroll of teleportation for 30 gold pieces
  2022 | D:3      | Found a bloodstained altar of Trog.
  2203 | D:3      | Found a runed translucent door.
  2203 | D:3      | Noticed dolemite99's ghost (weakling BaHu)
  2318 | D:3      | Found a sparkling altar of Nemelex Xobeh.
  2539 | D:3      | Killed dolemite99's ghost
  2546 | D:3      | Found the +12 glaive of Prune {freeze, Prune}
  2583 | D:4      | Reached skill level 1 in Polearms
  2628 | D:4      | Gained mutation: You are partially covered in sharp spines.
                  | [demonic ancestry]
  2628 | D:4      | Reached XP level 7. HP: 61/61 MP: 7/7
  2913 | D:4      | Noticed Eustachio
  2926 | D:4      | Killed Eustachio
  2927 | D:4      | Reached skill level 5 in Polearms
  3308 | D:5      | Entered Level 5 of the Dungeon
  3314 | D:5      | Found the +10 Black Knight's barding {ponderous, rPois rN+}
  3323 | D:5      | Reached XP level 8. HP: 66/68 MP: 8/8
  3342 | D:5      | Found a hide-covered altar of Uskayaw.
  3398 | D:5      | Noticed Pikel
  3405 | D:5      | Killed Pikel
  3610 | D:5      | Noticed Blork the orc
  3612 | D:5      | Killed Blork the orc
  3643 | D:5      | Found a staircase to the Ecumenical Temple.
  3644 | D:5      | Noticed Edmund
  3649 | D:5      | Killed Edmund
  3653 | D:5      | Gained mutation: Your movements are slightly less
                  | encumbered by armour. (ER -2) [demonic ancestry]
  3653 | D:5      | Reached XP level 9. HP: 73/73 MP: 6/9
  4010 | D:5      | Found a runed translucent door.
  4011 | D:5      | Noticed Crazy Yiuf
  4082 | D:5      | Killed Crazy Yiuf
  4198 | D:3      | Bought a scroll of identify for 20 gold pieces
  4270 | D:6      | Found Facabuirr's Fire Supplies.
  4516 | D:6      | Noticed Maggie
  4890 | D:6      | Killed Maggie
  5243 | D:6      | Noticed Menkaure
  5248 | D:6      | Killed Menkaure
  5271 | D:6      | Reached skill level 10 in Polearms
  5294 | D:6      | Found an iron altar of Okawaru.
  5294 | D:6      | Noticed Dowan
  5294 | D:6      | Noticed Duvessa
  5317 | D:6      | Killed Duvessa
  5318 | D:6      | Killed Dowan
  5720 | D:7      | Reached XP level 10. HP: 80/80 MP: 10/10
  5988 | D:7      | Found an ancient bone altar of Kikubaaqudgha.
  6116 | D:8      | Found Reolat's Antique Armour Emporium.
  6178 | D:8      | Found a runed translucent door.
  6179 | D:8      | Noticed middlethird's ghost (novice VSAE)
  6403 | D:8      | Found a flagged portal.
  6412 | Bailey   | Entered a bailey
  6772 | Bailey   | Found a burning altar of Makhleb.
  6882 | D:8      | Noticed a white ugly thing
  6888 | D:8      | Noticed a brown ugly thing
  6896 | D:8      | Killed a brown ugly thing
  6899 | D:8      | Killed a brown ugly thing
  7042 | D:8      | Identified the +1 robe "Remauf" {rElec Will+ MP+9 Str-5}
  7217 | D:8      | Killed middlethird's ghost
  7565 | D:9      | Reached skill level 8 in Fighting
  7573 | D:9      | Gained mutation: When low on magic, you restore magic in
                  | place of health. [demonic ancestry]
  7573 | D:9      | Reached XP level 11. HP: 86/86 MP: 11/11
  7602 | D:9      | Reached *** piety under Trog
  7629 | D:9      | Found a staircase to the Lair.
  7877 | D:9      | Reached skill level 9 in Fighting
  7907 | D:9      | Noticed a white ugly thing
  8078 | D:9      | Killed a white ugly thing
  8079 | D:9      | Reached skill level 10 in Fighting
  8175 | D:9      | Reached **** piety under Trog
  8344 | D:9      | Reached skill level 11 in Fighting
  8421 | D:9      | Noticed a two-headed ogre
  8428 | D:9      | Killed a two-headed ogre
  8476 | D:9      | Found a staircase to the Orcish Mines.
  8660 | Lair:1   | Entered Level 1 of the Lair of Beasts
  8784 | Lair:1   | Found a runed translucent door.
  8784 | Lair:1   | Noticed monsoonserge's ghost (journeyman DjVM)
  8839 | Lair:1   | Reached skill level 12 in Fighting
  9193 | Lair:1   | Reached XP level 12. HP: 92/103 MP: 10/12
  9687 | Lair:1   | Killed monsoonserge's ghost
  9766 | Lair:2   | Reached skill level 13 in Fighting
  9784 | Lair:2   | Found a staircase to the Swamp.
  9977 | Lair:2   | Noticed Nergalle
  9987 | Lair:2   | Killed Nergalle
 10037 | Lair:2   | Reached skill level 14 in Fighting
 10182 | Lair:2   | Noticed a five-headed hydra
 10187 | Lair:2   | Killed a six-headed hydra
 10891 | Lair:3   | Reached skill level 15 in Fighting
 10894 | Lair:3   | Noticed a death yak
 10894 | Lair:3   | Noticed a death yak
 10894 | Lair:3   | Noticed a death yak
 10894 | Lair:3   | Noticed a death yak
 10904 | Lair:3   | Noticed a death yak
 10910 | Lair:3   | Killed a death yak
 10914 | Lair:3   | Killed a death yak
 10920 | Lair:3   | Killed a death yak
 10924 | Lair:3   | Killed a death yak
 10936 | Lair:3   | HP: 3/111 [dream sheep (5)]
 11350 | Lair:2   | Killed a death yak
 11350 | Lair:2   | HP: 5/166 [skyshark (6)]
 11350 | Lair:2   | Slain by a skyshark

Illustrated notes

Levels and vault maps discovered:
D:1:      erik_arrival_orb_chamber, layout_basic, minmay_door_square
D:2:      layout_loops_ring, uniq_terence, uniq_natasha, uniq_sigmund
D:3:      layout_rooms, nemelex_altar_shiori, lightli_temple_of_fire,
          serial_shops, shop, ebering_ghost_inner_flame
D:4:      layout_basic, uniq_eustachio
D:5:      layout_basic, nicolae_uskayaw_dance_hall, temple_doors_e, uniq_pikel,
          uniq_edmund, uniq_crazy_yiuf_cottage, uniq_blork_the_orc
D:6:      layout_layer_cave, okawaru_trees_1, nicolae_shop_fire_sale
          [nicolae_sub_dead_trees], uniq_maggie, uniq_menkaure, uniq_duvessa
D:7:      layout_rooms, kennysheep_vampire_church,
          mainiacjoe_overflow_concentric_impassable, minmay_misc_feat_cross,
          nicolae_titane
D:8:      minmay_cornered_nines, layout_rooms, serial_shops, shop,
          enter_bailey_5, gammafunk_ghost_grave, nicolae_fountain_basement
D:9:      cheibrodos_ideogram_h, layout_rooms, due_lair_maze_entry_diamond,
          minmay_orc_entry_temple_small
Lair:1:   layout_cave_pods, hellmonk_ghost_happy_afterlife
Lair:2:   layout_chaotic_city, swamp_mist, chequers_serial_rivers_large_b,
          serial_bayou_shore_b, grunt_megastairs_1, infiniplex_staircase_pool_2,
          uniq_nergalle
Lair:3:   layout_hall_layers, spider_nest_entry_a, eino_house_with_fridge,
          lemuel_fruit_tree, lemuel_fruit_fields

Skill      XL: |  1  2  3  4  5  6  7  8  9 10 11 12 |
---------------+-------------------------------------+-----
Fighting       | 4 5 6 7 8 12 15 | 15.9
Polearms       | 1 5 8 11 13 14 | 14.1
Axes           | |  2.6
Armour         | |  1.7
Dodging        | |  1.7

Action                     |  1- 3 |  4- 6 |  7- 9 | 10-12 || total
---------------------------+-------+-------+-------+-------++-------
  Melee: Hand axe          |    69 |    65 |       |       ||   134
         Punch             |     1 |     1 |       |       ||     2
         Headbutt          |    12 |    16 |    10 |    56 ||    94
         Spear             |       |    29 |       |       ||    29
         Glaive            |       |     8 |   123 |   399 ||   530
 Invoke: Berserk           |     2 |     3 |     8 |     9 ||    22
         Trog's Hand       |     1 |     3 |     8 |    13 ||    25
         Brothers in Arms  |       |       |       |     1 ||     1
  Evoke: Wand              |       |       |       |     4 ||     4
    Use: Scroll            |       |     6 |     5 |     7 ||    18
         Potion            |       |       |     1 |       ||     1
   Stab: Distracted        |       |       |       |     1 ||     1
 Armour: Animal skin       |     3 |       |       |       ||     3
         Scale mail        |     8 |    40 |    27 |   202 ||   277
  Dodge: Dodged            |    26 |    46 |    35 |   180 ||   287
